Map: Rhoskallian LE

Players

Crazyhartmut

  • Race: Zerg Zerg
  • Spawn Location: 12:00

CmdrBastok

  • Race: Protoss Protoss
  • Spawn Location: 11:00

qqq - Winner!

  • Race: Zerg Zerg
  • Spawn Location: 5:00

Massa - Winner!

  • Race: Terran Terran
  • League: Platinum
  • Spawn Location: 6:00

VOD

Have the link to the VOD?

Description

Time

  • Played on: Nov. 11, 2020, 3:37 p.m.
  • Length: 20:53
Show
View Real Time Build Order
Export as new Build Order

Crazyhartmut Zerg 

Build Orders: Hatch First, Lurkers 

Get SALT Encoding   

  12  0:01  Drone  
  14  0:14  Drone  
  14  0:18  Overlord  
  14  0:38  Drone x3  
  17  0:59  Hatchery  
  16  1:12  Spawning Pool  
  16  1:13  Extractor  
  16  1:17  Drone  
  15  1:20  Drone  
  15  1:25  Drone  
  17  1:29  Drone  
  18  1:44  Drone  
  19  1:51  Drone  
  20  1:59  Queen  
  22  2:11  Overlord  
  22  2:13  Metabolic Boost  
  22  2:16  Queen, Zergling x2  
  22  2:18  Zergling x2  
  26  2:25  Zergling x4  
  28  2:33  Zergling x2  
  28  2:34  Zergling x2  
  30  2:44  Zergling x2  
  30  2:46  Zergling x2  
  32  2:55  Zergling x2  
  33  3:01  Zergling x2  
  34  3:09  Spine Crawler  
  32  3:14  Queen  
  32  3:19  Zergling x6  
  36  3:28  Overlord  
  36  3:30  Spine Crawler  
  36  3:32  Zergling x2  
  36  3:46  Overlord  
  36  3:50  Drone x3  
  39  3:59  Drone x2  
  39  4:01  Drone  
  40  4:09  Extractor  
  36  4:13  Drone x2  
  36  4:15  Drone  
  31  4:36  Lair  
  31  4:40  Zergling x2  
  31  4:41  Zergling x2  
  33  4:46  Zergling x8  
  33  4:47  Zergling x6  
  40  5:15  Drone x7  
  40  5:16  Drone  
  48  5:22  Drone x2  
  50  5:32  Extractor x2, Drone x3  
  50  5:33  Drone  
  52  5:35  Overlord  
  52  5:42  Spine Crawler  
  51  5:45  Spine Crawler  
  51  5:49  Overlord  
  50  5:55  Nydus Network  
  49  6:01  Zergling x2  
  49  6:02  Zergling x4  
  52  6:06  Overlord x2  
  52  6:13  Drone x4  
  56  6:25  Zergling x2  
  57  6:26  Zergling x2  
  57  6:29  Pneumatized Carapace  
  58  6:33  Nydus Canal  
  58  6:34  Zergling x2  
  58  6:35  Zergling x6  
  62  6:41  Hydralisk Den  
  62  6:42  Evolution Chamber  
  62  6:45  Evolution Chamber  
  59  6:53  Zergling x12  
  65  6:56  Nydus Canal  
  62  7:03  Zergling x2  
  62  7:05  Zergling x2  
  62  7:06  Zergling x4  
  63  7:09  Zergling x2  
  58  7:18  Zergling x2  
  58  7:19  Zergling x8  
  56  7:28  Grooved Spines  
  56  7:30  Zerg Missile Weapons Level 1, Zerg Ground Armor Level 1  
  56  7:33  Drone x2  
  56  7:41  Drone x3  
  59  7:50  Drone x4  
  62  7:59  Spore Crawler  
  62  8:01  Spore Crawler x2  
  62  8:05  Spore Crawler  
  58  8:14  Overlord  
  58  8:16  Drone x4  
  62  8:30  Hydralisk  
  62  8:33  Hydralisk  
  66  8:34  Overlord  
  66  8:35  Hydralisk  
  66  8:36  Overlord  
  66  8:40  Muscular Augments  
  68  8:43  Hydralisk  
  68  8:47  Overlord  
  70  8:50  Hydralisk  
  70  8:51  Hydralisk  
  70  8:52  Spore Crawler  
  73  8:56  Spore Crawler  
  73  9:00  Spore Crawler  
  71  9:02  Spore Crawler  
  71  9:09  Drone x3  
  73  9:10  Spore Crawler  
  73  9:14  Hydralisk  
  74  9:18  Hydralisk  
  76  9:25  Hydralisk x2  
  76  9:28  Hydralisk  
  82  9:32  Overlord  
  82  9:35  Hydralisk  
  84  9:44  Overseer x2  
  84  9:46  Zerg Missile Weapons Level 2  
  84  9:49  Overlord  
  84  9:57  Hydralisk  
  84  9:58  Hydralisk x2  
  90  10:03  Nydus Canal  
  90  10:06  Hydralisk  
  92  10:09  Hydralisk  
  92  10:12  Hydralisk  
  91  10:16  Hydralisk  
  91  10:19  Hydralisk  
  95  10:22  Hydralisk  
  95  10:26  Hydralisk  
  93  10:29  Hydralisk  
  93  10:33  Hydralisk  
  93  10:37  Nydus Canal  
  93  10:41  Hydralisk  
  93  10:42  Hydralisk  
  93  10:46  Hydralisk  
  97  10:53  Hydralisk  
  99  10:58  Hydralisk  
  99  10:59  Hydralisk  
  99  11:01  Overlord  
  103  11:06  Overlord  
  103  11:13  Overlord  
  103  11:14  Lurker Den  
  103  11:16  Hydralisk  
  104  11:20  Overlord  
  104  11:29  Overlord  
  104  11:37  Hydralisk  
  104  11:39  Spore Crawler x2  
  104  11:40  Spore Crawler  
  104  11:42  Hydralisk  
  104  11:44  Hydralisk  
  107  11:55  Hydralisk  
  109  12:02  Overlord  
  109  12:09  Overlord  
  109  12:17  Zerg Ground Armor Level 2  
  109  12:26  Infestation Pit  
  109  12:28  Overlord  
  108  12:30  Hydralisk  
  108  12:31  Overlord  
  110  12:37  Overlord  
  110  12:47  Hatchery  
  109  12:51  Overlord  
  109  12:55  Hydralisk  
  111  13:08  Hydralisk  
  111  13:09  Hydralisk x2  
  103  13:14  Overlord  
  103  13:21  Lurker x2  
  103  13:23  Lurker  
  106  13:43  Lurker x2  
  106  13:44  Lurker x2  
  110  14:04  Overlord  
  110  14:05  Hydralisk  
  110  14:06  Hydralisk x3  
  118  14:13  Hydralisk  
  120  14:23  Drone  
  121  14:25  Drone x2  
  123  14:42  Drone x6  
  129  14:46  Drone  
  129  14:51  Hydralisk  
  132  14:55  Drone  
  133  15:08  Drone  
  133  15:09  Drone x3  
  133  15:11  Drone  
  133  15:13  Drone  
  139  15:19  Drone x2  
  108  15:41  Lurker x3  
  108  15:42  Hydralisk, Lurker x3  
  108  15:54  Hydralisk  
  108  15:56  Hydralisk x5  
  86  15:59  Hydralisk  
  86  16:00  Hydralisk  
  86  16:02  Hydralisk  
  86  16:03  Lurker  
  84  16:05  Lurker  
  85  16:13  Extractor x2, Hydralisk  
  85  16:20  Hydralisk  
  85  16:34  Hydralisk x2  
  89  16:42  Drone x10  
  89  16:46  Hydralisk  
  101  16:49  Hydralisk  
  103  16:56  Hydralisk  
  103  17:01  Hydralisk  
  105  17:08  Hydralisk  
  107  17:09  Hydralisk  
  111  17:15  Hydralisk  
  111  17:16  Hydralisk  
  110  17:23  Lurker  
  101  17:31  Hydralisk x2  
  101  17:33  Hydralisk  
  100  17:37  Hydralisk  
  100  17:42  Lurker  
  95  18:09  Hydralisk x5  
  95  18:10  Hydralisk  
  107  18:15  Hydralisk  
  109  18:22  Overlord  
  109  18:28  Zergling x2  
  109  18:29  Zergling x12  
  109  18:33  Zergling x2  
  117  18:41  Nydus Canal  
  117  19:05  Lurker  
  117  19:06  Lurker x2  
  120  19:11  Overlord  
  112  19:53  Hydralisk  
  112  19:55  Overlord  
  112  19:57  Hydralisk  
  112  19:58  Hydralisk  
  118  20:02  Hydralisk  
  118  20:05  Hydralisk  
Show
View Real Time Build Order
Export as new Build Order

CmdrBastok Protoss 

Build Orders: Carriers 

Get SALT Encoding   

  12  0:01  Probe (Chrono Boost)  
  13  0:11  Probe (Chrono Boost)  
  14  0:16  Probe (Chrono Boost)  
  15  0:24  Pylon  
  16  0:42  Probe  
  16  0:44  Forge  
  16  0:54  Probe  
  17  1:07  Probe  
  18  1:41  Pylon  
  18  1:44  Pylon  
  17  1:47  Probe  
  17  1:48  Pylon  
  18  1:59  Probe  
  18  2:11  Probe  
  19  2:19  Gateway x2  
  19  2:24  Probe  
  19  2:38  Photon Cannon  
  19  2:41  Photon Cannon  
  19  2:46  Pylon  
  19  2:48  Pylon  
  19  2:59  Probe  
  20  3:05  Assimilator  
  20  3:09  Assimilator  
  20  3:10  Photon Cannon, Zealot  
  20  3:11  Probe, Zealot  
  25  3:14  Photon Cannon  
  25  3:23  Probe (Chrono Boost)  
  26  3:35  Probe (Chrono Boost)  
  26  3:37  Zealot  
  29  3:44  Probe (Chrono Boost)  
  30  3:56  Probe  
  30  4:00  Nexus  
  31  4:14  Cybernetics Core  
  31  4:30  Zealot  
  31  4:31  Zealot  
  35  4:33  Probe  
  36  4:45  Probe  
  37  4:46  Protoss Ground Weapons Level 1  
  37  4:57  Probe  
  38  5:01  Robotics Facility  
  38  5:09  Probe  
  38  5:12  Stalker x2 (Chrono Boost)  
  38  5:14  Probe  
  44  5:19  Pylon  
  44  5:21  Probe  
  44  5:26  Probe  
  46  5:40  Stalker (Chrono Boost)  
  48  5:46  Stalker  
  48  5:48  Immortal (Chrono Boost)  
  50  5:52  Probe x2  
  56  6:00  Assimilator  
  56  6:04  Assimilator  
  56  6:09  Shield Battery  
  56  6:10  Photon Cannon  
  56  6:13  Probe x2  
  58  6:20  Twilight Council  
  58  6:35  Observer  
  59  6:45  Probe x2  
  61  6:57  Probe  
  62  7:15  Protoss Ground Weapons Level 2 (Chrono Boost), Pylon  
  62  7:19  Pylon  
  62  7:22  Pylon  
  62  7:28  Charge (Chrono Boost)  
  62  7:32  Immortal (Chrono Boost)  
  62  7:34  Probe x2, Pylon  
  62  7:36  Zealot  
  70  7:46  Probe x2  
  70  7:48  Stalker  
  74  7:58  Probe x2  
  76  8:03  Stargate, Immortal  
  76  8:04  Stargate  
  80  8:10  Probe x2  
  82  8:22  Probe  
  83  8:35  Nexus  
  83  8:38  Pylon  
  83  8:40  Pylon  
  83  8:44  Immortal  
  87  8:53  Phoenix  
  87  8:54  Phoenix  
  91  9:08  Shield Battery  
  91  9:11  Protoss Air Weapons Level 1  
  91  9:18  Phoenix  
  91  9:19  Phoenix  
  87  9:43  Phoenix x2  
  87  9:44  Stalker x2  
  95  9:56  Probe x3  
  98  10:08  Probe x2, Phoenix  
  102  10:20  Phoenix  
  102  10:21  Probe x3  
  106  10:32  Immortal  
  106  10:33  Probe x2, Phoenix  
  97  11:16  Fleet Beacon  
  97  11:25  Protoss Shields Level 1  
  97  11:29  Stargate  
  97  11:30  Probe x3  
  100  11:36  Assimilator  
  100  11:39  Protoss Air Armor Level 1 (Chrono Boost)  
  100  11:40  Assimilator  
  100  11:45  Photon Cannon x2  
  100  11:47  Photon Cannon  
  100  11:49  Shield Battery  
  100  12:14  Anion Pulse-Crystals  
  100  12:18  Carrier x3  
  118  12:25  Pylon  
  118  12:29  Pylon  
  118  12:33  Pylon  
  118  12:39  Probe  
  118  12:40  Probe x2  
  121  12:51  Probe  
  121  12:52  Probe x2  
  121  12:53  Zealot x2  
  121  12:56  Nexus  
  128  13:04  Probe x2  
  122  13:20  Zealot  
  122  13:22  Carrier x2  
  122  13:26  Pylon  
  136  13:28  Pylon  
  136  13:35  Carrier  
  136  13:37  Observer  
  136  13:39  Protoss Air Weapons Level 2 (Chrono Boost)  
  143  13:45  Shield Battery  
  143  13:50  Probe x3  
  146  14:02  Probe x2  
  148  14:13  Protoss Shields Level 2 (Chrono Boost)  
  148  14:23  Observer  
  148  14:24  Assimilator  
  149  14:26  Carrier  
  149  14:27  Carrier, Assimilator  
  161  14:37  Probe x3  
  164  14:42  Carrier  
  164  14:43  Photon Cannon  
  164  14:45  Photon Cannon  
  170  14:48  Pylon  
  170  14:50  Probe x4  
  170  14:52  Pylon  
  174  14:54  Pylon  
  174  15:02  Probe  
  174  15:05  Photon Cannon  
  174  15:06  Shield Battery  
  175  15:09  Shield Battery  
  175  15:10  Photon Cannon  
  175  15:31  Carrier  
  175  15:52  Carrier x2  
  187  16:00  Protoss Air Armor Level 2 (Chrono Boost)  
  139  16:26  Probe x4  
  143  16:35  Carrier  
  149  16:56  Carrier  
  149  16:57  Carrier  
  137  17:36  Carrier (Chrono Boost)  
  149  17:37  Stalker x2  
  134  17:47  Pylon  
  134  17:48  Pylon  
  128  17:54  Pylon  
  128  17:58  Carrier (Chrono Boost)  
  128  18:03  Probe  
  128  18:04  Mothership  
  128  18:05  Protoss Ground Armor Level 1  
  149  18:07  Stalker x2  
  149  18:08  Carrier (Chrono Boost)  
  145  18:33  Carrier, Stargate  
  151  18:35  Stargate  
  151  18:37  Stalker x2  
  155  18:55  Carrier  
  161  19:07  Zealot x2  
  165  19:12  Carrier  
  165  19:16  Nexus  
  171  19:17  Carrier  
  176  19:38  Carrier  
Show
View Real Time Build Order
Export as new Build Order

qqq Zerg - Winner!

Build Orders: Hatch First 

Get SALT Encoding   

  12  0:04  Drone  
  13  0:11  Drone  
  14  0:37  Hatchery  
  13  0:45  Drone  
  14  0:58  Spawning Pool  
  13  1:06  Overlord  
  13  1:09  Drone  
  14  1:16  Extractor  
  14  1:17  Drone  
  14  1:25  Drone  
  15  1:56  Zergling x4  
  15  1:57  Zergling x2  
  15  1:59  Drone  
  19  2:12  Queen  
  22  2:15  Drone  
  22  2:21  Queen  
  24  2:27  Drone x2  
  24  2:29  Drone  
  27  2:38  Drone  
  27  2:40  Overlord  
  28  2:52  Overlord  
  28  3:10  Drone x3  
  28  3:12  Spine Crawler  
  30  3:16  Drone x2  
  30  3:17  Drone  
  33  3:23  Drone  
  34  3:29  Extractor  
  34  3:30  Drone  
  34  3:32  Drone  
  35  3:56  Spine Crawler  
  35  3:57  Spine Crawler  
  35  3:59  Spine Crawler  
  35  4:00  Spine Crawler  
  35  4:01  Zergling x2  
  32  4:03  Spine Crawler  
  32  4:05  Hatchery  
  32  4:09  Zergling x2  
  28  4:10  Zergling x2  
  27  4:44  Hatchery  
  26  4:52  Lair  
  26  4:57  Drone  
  26  4:59  Drone  
  28  5:03  Drone  
  28  5:04  Extractor  
  28  5:11  Drone  
  29  5:24  Drone  
  29  5:26  Drone x2  
  32  5:31  Drone x2  
  34  5:41  Drone  
  34  5:42  Drone  
  36  5:51  Spire  
  36  5:54  Drone  
  36  5:55  Drone x3  
  36  5:56  Drone  
  40  5:59  Drone  
  40  6:02  Drone  
  42  6:09  Queen  
  44  6:14  Drone  
  44  6:15  Drone  
  44  6:17  Drone  
  47  6:19  Drone  
  48  6:28  Drone  
  48  6:31  Overlord x2  
  48  6:32  Overlord  
  49  6:35  Overlord  
  49  6:37  Overlord  
  49  6:42  Extractor  
  49  6:43  Extractor  
  47  6:49  Metabolic Boost  
  47  6:53  Zergling x6  
  47  6:54  Zergling x8  
  54  7:05  Mutalisk  
  54  7:06  Mutalisk x2  
  54  7:08  Mutalisk  
  58  7:14  Mutalisk  
  58  7:15  Mutalisk  
  63  7:22  Mutalisk  
  63  7:24  Drone x3  
  67  7:47  Drone x4  
  67  7:48  Mutalisk x2  
  75  7:59  Drone x2  
  75  8:00  Overlord x4  
  75  8:04  Drone x2  
  79  8:11  Extractor, Spore Crawler  
  77  8:13  Spine Crawler  
  77  8:16  Drone  
  77  8:34  Mutalisk x3  
  76  8:37  Hatchery  
  82  8:47  Mutalisk, Baneling Nest  
  82  8:48  Mutalisk x2  
  83  8:49  Drone x4  
  91  9:01  Drone x2  
  93  9:04  Queen  
  95  9:15  Mutalisk x2  
  99  9:17  Drone x2  
  99  9:18  Hatchery  
  93  9:36  Corruptor x3  
  97  9:41  Drone x5  
  97  9:42  Drone  
  104  9:55  Spine Crawler  
  104  9:58  Spine Crawler x2  
  104  9:59  Spine Crawler  
  100  10:00  Spine Crawler  
  100  10:05  Spine Crawler  
  98  10:10  Hatchery  
  97  10:17  Drone x3, Mutalisk  
  97  10:18  Mutalisk, Zergling x6  
  97  10:19  Corruptor x2  
  105  10:47  Mutalisk x2  
  105  10:48  Mutalisk x2, Corruptor x3  
  109  11:05  Drone x3  
  109  11:09  Mutalisk x2, Corruptor  
  109  11:10  Corruptor  
  109  11:11  Corruptor  
  120  11:16  Zerg Flyer Weapons Level 1  
  122  11:40  Infestation Pit  
  122  11:41  Hatchery  
  122  11:43  Zergling x10  
  122  11:44  Zergling x2, Evolution Chamber  
  122  11:46  Evolution Chamber  
  124  11:51  Drone x4  
  128  12:00  Overlord  
  128  12:01  Overlord  
  128  12:12  Overlord x2  
  128  12:26  Hive  
  128  12:28  Zerg Melee Weapons Level 1  
  128  12:29  Zerg Ground Armor Level 1  
  128  12:35  Drone x6  
  136  12:42  Corruptor x2  
  124  13:18  Baneling x7  
  124  13:19  Baneling x3  
  123  13:20  Baneling x8  
  123  13:21  Centrifical Hooks  
  123  13:26  Zerg Flyer Armor Level 1  
  123  13:29  Zergling x2  
  123  13:30  Zergling x18  
  123  13:31  Drone x4  
  123  13:32  Drone x2  
  139  13:43  Ultralisk Cavern  
  139  13:45  Zergling x8, Hydralisk Den  
  141  13:51  Baneling x11  
  141  13:52  Baneling x9  
  142  13:55  Drone x3  
  142  13:58  Overlord x3  
  144  14:15  Overlord x5  
  144  14:16  Overlord x2  
  144  14:19  Baneling  
  144  14:20  Baneling x7  
  144  14:22  Zerg Missile Weapons Level 1  
  144  14:23  Corruptor  
  144  14:26  Viper  
  144  14:27  Corruptor  
  147  14:47  Corruptor x2  
  147  14:48  Corruptor x3  
  133  15:41  Corruptor x6  
  133  15:42  Corruptor x4  
  149  15:43  Drone x4  
  142  16:09  Corruptor x4  
  146  16:11  Zergling x6  
  146  16:12  Zergling x6  
  139  16:25  Corruptor x3  
  131  16:28  Zergling x2  
  131  16:30  Zergling x4  
  140  16:45  Drone x4  
  144  16:53  Baneling  
  144  16:54  Baneling x11  
  144  16:55  Spine Crawler  
  126  17:18  Corruptor x2  
  126  17:19  Zergling x2  
  126  17:20  Zergling x2, Ultralisk  
  126  17:21  Zergling x8  
  126  17:22  Drone x3  
  141  17:40  Ultralisk x2  
  141  17:41  Drone  
  153  18:05  Zergling x12, Ultralisk  
  162  18:06  Zergling x4  
  162  18:07  Drone x3  
  162  18:09  Extractor  
  162  18:10  Extractor  
  143  18:23  Corruptor x3  
  149  18:29  Zerg Flyer Weapons Level 2  
  149  18:36  Hatchery  
  148  18:57  Hatchery  
  148  19:01  Drone x3  
  150  19:10  Corruptor x3  
  150  19:11  Corruptor x2  
  160  19:30  Hatchery  
  113  19:56  Corruptor x4  
  113  19:57  Corruptor x4  
  123  20:13  Drone  
  118  20:18  Spine Crawler x3  
  118  20:19  Spore Crawler  
  118  20:20  Spine Crawler x2, Corruptor x3  
  118  20:21  Corruptor  
  109  20:24  Spine Crawler  
  109  20:27  Extractor  
  103  20:28  Extractor  
  103  20:30  Spine Crawler  
Show
View Real Time Build Order
Export as new Build Order

Massa Terran - Winner!

Build Orders:  

Get SALT Encoding   

  12  0:00  SCV  
  13  0:12  SCV  
  14  0:23  Supply Depot  
  14  0:25  SCV  
  15  0:45  SCV  
  15  0:47  Barracks  
  15  0:49  Refinery  
  16  0:57  SCV  
  17  1:09  SCV  
  18  1:21  SCV  
  19  1:33  SCV  
  19  1:36  Reaper  
  21  1:42  Command Center  
  21  1:56  Orbital Command  
  21  2:24  Marine  
  22  2:41  SCV  
  23  2:54  SCV  
  23  2:55  Orbital Command  
  23  2:57  Factory  
  24  3:00  Supply Depot  
  24  3:05  Supply Depot  
  24  3:26  SCV x2  
  26  3:34  Barracks  
  26  3:38  SCV x2  
  26  3:40  Barracks Reactor  
  28  3:47  Hellion  
  30  3:50  SCV x2  
  31  4:02  SCV  
  32  4:08  Hellion  
  34  4:11  Barracks  
  34  4:39  Marine  
  34  4:40  Hellion, Marine  
  34  4:44  Barracks  
  38  4:48  Barracks Tech Lab  
  38  4:50  SCV  
  38  4:51  SCV  
  40  4:57  Marine, Command Center  
  41  5:00  Refinery  
  41  5:01  Starport  
  41  5:03  SCV x2  
  41  5:04  Factory Tech Lab  
  43  5:29  Siege Tank  
  43  5:31  Marine x2  
  48  5:37  Barracks Tech Lab  
  48  5:38  Stimpack  
  48  5:39  SCV  
  48  5:40  SCV  
  50  5:49  Marine x2  
  52  5:51  SCV  
  52  5:52  SCV  
  54  6:08  SCV  
  54  6:09  Supply Depot  
  55  6:11  Engineering Bay  
  55  6:12  Medivac, Supply Depot  
  57  6:22  Refinery  
  57  6:24  Refinery, Cyclone  
  60  6:29  Marine x5  
  65  6:35  Combat Shield  
  65  6:47  Marine x5  
  66  7:04  Marine  
  66  7:05  Marine x4  
  64  7:22  Marine  
  64  7:23  Marine x4  
  69  7:37  Concussive Shells  
  69  7:41  Marine x2  
  71  7:46  Missile Turret, Viking  
  73  7:58  Orbital Command  
  73  8:01  SCV x2  
  75  8:06  Missile Turret  
  75  8:09  Missile Turret  
  75  8:13  SCV x2  
  77  8:24  Orbital Command  
  77  8:44  Marine x2, Supply Depot x2  
  77  8:45  SCV x2, Supply Depot, Marauder x2, Medivac, Siege Tank  
  77  8:46  Supply Depot x2  
  77  8:47  Marine  
  91  8:56  SCV  
  91  8:57  SCV  
  91  8:59  Terran Infantry Weapons Level 1  
  91  9:02  Orbital Command  
  93  9:05  SCV, Marine  
  93  9:06  Marauder  
  93  9:07  Marauder  
  93  9:09  SCV  
  101  9:15  Medivac  
  102  9:17  SCV  
  102  9:21  SCV  
  104  9:28  Marauder x2  
  104  9:29  SCV  
  109  10:06  Marauder x2  
  109  10:07  Marine x3  
  112  10:24  Marine  
  112  10:28  Marauder x2  
  114  10:47  Medivac  
  114  10:49  Marauder x2  
  118  11:03  SCV x2  
  118  11:04  SCV  
  121  11:15  SCV, Command Center  
  121  11:16  SCV x2  
  121  11:17  Medivac  
  126  11:22  Sensor Tower  
  126  11:25  Supply Depot  
  126  11:26  Command Center, Supply Depot x3  
  126  11:27  Supply Depot  
  126  11:28  SCV x2  
  126  11:29  Refinery, Supply Depot  
  126  11:30  SCV  
  126  11:31  Refinery  
  129  11:40  SCV x2  
  129  11:42  SCV  
  132  11:48  Starport Reactor  
  132  11:52  SCV x2  
  132  11:53  Engineering Bay  
  134  11:54  SCV  
  134  11:56  Armory  
  135  12:04  SCV x2  
  135  12:06  SCV  
  135  12:08  Barracks x2  
  138  12:12  Barracks  
  138  12:16  SCV x2  
  138  12:18  SCV  
  138  12:20  Barracks x2  
  138  12:22  Armory, Barracks  
  141  12:25  Barracks  
  141  12:26  Barracks  
  141  12:28  SCV x2  
  141  12:29  Planetary Fortress  
  143  12:30  SCV  
  143  12:31  Sensor Tower  
  143  12:33  Refinery  
  143  12:34  Refinery  
  143  12:36  Sensor Tower  
  144  12:37  Missile Turret  
  144  12:39  Marauder  
  144  12:40  SCV, Marauder  
  149  12:46  Marine  
  149  12:47  Marine  
  149  12:49  Barracks Tech Lab  
  151  12:59  Missile Turret  
  151  13:01  Marauder x2  
  151  13:04  Marine  
  151  13:05  Marine  
  157  13:12  Marine x8  
  152  13:13  Marine  
  152  13:16  Siege Tank  
  159  13:20  Missile Turret  
  159  13:22  Marauder x2, Marine x2  
  165  13:30  Barracks Reactor, Marine x6  
  165  13:34  Factory  
  173  13:36  Medivac x2  
  173  13:37  Factory  
  173  13:40  Marine x2  
  179  13:41  Barracks Reactor  
  179  13:42  Missile Turret  
  179  13:43  Barracks Reactor  
  179  13:44  Marauder x2  
  179  13:48  Barracks Reactor, Marine x4  
  185  13:49  Barracks Tech Lab  
  185  13:56  SCV x4  
  185  13:58  Marine x2  
  191  14:05  Marauder x2  
  191  14:06  Medivac x2  
  191  14:08  SCV  
  200  14:15  Terran Vehicle And Ship Armor Level 1, Terran Vehicle Weapons Level 1  
  200  14:16  Terran Infantry Armor Level 1, Terran Infantry Weapons Level 2  
  200  14:27  Factory Tech Lab x2  
  197  15:05  Planetary Fortress  
  164  15:50  Thor x3  
  135  16:23  Marauder x4  
  135  16:24  Marine  
  135  16:25  Marine x12  
  142  16:31  Viking x2  
  147  16:33  Thor x3  
  147  16:34  Smart Servos  
  147  16:35  Drilling Claws  
  165  16:42  Marine  
  165  16:43  Marine x12  
  165  16:44  Marauder  
  165  16:45  Marauder x3  
  184  17:00  Marine  
  184  17:01  Viking x2  
  183  17:06  Marauder x4  
  191  17:15  Thor  
  187  17:27  Marauder x2  
  181  17:31  Viking  
  181  17:43  Marauder  
  181  17:44  Marauder, Marine  
  185  17:45  Marine x12  
  185  17:49  Marauder  
  185  17:50  Terran Vehicle And Ship Armor Level 2, Terran Vehicle Weapons Level 2  
  200  17:51  Terran Infantry Armor Level 2  
  200  17:52  Terran Infantry Weapons Level 3  
  200  18:19  Missile Turret  
  200  18:39  Missile Turret  
  200  18:46  Command Center  
  200  18:58  Missile Turret  
  200  19:00  Refinery  
  200  19:02  Refinery  
  200  19:16  Missile Turret  
  200  19:35  Missile Turret  
  200  19:57  Missile Turret  
  200  20:15  Missile Turret  
  190  20:34  Missile Turret  
Tags
 
Add a new tag
Caveats
  • Supply blocks, unpowered buildings, or Contaminate may cause inaccurate times.
  • Supply counts are checked every 10 seconds.